 Dungeon Crawl Stone Soup version 0.30-a0-605-gb2882149bf (webtiles) character file.

Game seed: 8057342768842811734

2970 bmack86 the Fighter (level 9, -11/84 HPs)
             Began as a Minotaur Fighter on Jan 8, 2023.
             Was a Believer of Okawaru.
             Mangled by a yak (12 damage)
             ... on level 8 of the Dungeon.
             The game lasted 00:18:57 (6988 turns).

bmack86 the Fighter (Minotaur Fighter)              Turns: 6988, Time: 00:18:58

Health: -11/84     AC: 14    Str: 24    XL:     9   Next: 52%
Magic:  0/8        EV:  6    Int:  5    God:    Okawaru [**....]
Gold:   517        SH:  6    Dex: 17    Spells: 8/8 levels left

rFire   + . .      SeeInvis .    a - +1 war axe
rCold   . . .      Faith    .    c - +0 buckler
rNeg    . . .      Spirit   +    t - +0 plate armour
rPois   .          Reflect  .    (helmet restricted)
rElec   .          Harm     .    (no cloak)
rCorr   .          Rampage  .    u - +0 pair of gloves
Will    .....                    (no boots) Stlth
                                 j - amulet of guardian spirit
HPRegen 0.34/turn                o - ring of protection from fire
MPRegen 0.11/turn                e - +6 ring of dexterity

@: weakened
A: horns 2, retaliatory headbutt
a: Renounce Religion, Heroism


You were on level 8 of the Dungeon.
You worshipped Okawaru.
Okawaru was pleased with you.
You visited 2 branches of the dungeon, and saw 9 of its levels.
You also visited: Sewer and Ossuary.

You collected 617 gold pieces.
You spent 100 gold pieces at shops.

Inventory:

Hand Weapons
 a - a +1 war axe (weapon)
Missiles
 n - 4 boomerangs (quivered)
 A - 40 poisoned darts
Armour
 b - a +0 scale mail
 c - a +0 buckler (worn)
 t - a +0 plate armour (worn)
 u - a +0 pair of gloves (worn)
Jewellery
 e - a +6 ring of dexterity (right hand)
 j - an amulet of guardian spirit (around neck)
 o - a ring of protection from fire (left hand)
 s - a ring of wizardry
Wands
 h - a wand of paralysis (8)
 y - a wand of polymorph (12)
 H - a wand of mindburst (12)
Scrolls
 k - a scroll of vulnerability
 r - 5 scrolls of enchant weapon
 v - 2 scrolls of teleportation
 w - 2 scrolls of immolation
 x - 2 scrolls of fear
 z - a scroll of amnesia
 C - a scroll of blinking {unknown}
 D - 2 scrolls of silence
 I - a scroll of brand weapon {unknown}
Potions
 d - 2 potions of might
 f - 5 potions of curing
 g - 4 potions of berserk rage
 i - 2 potions of resistance
 l - 3 potions of attraction
 m - 2 potions of flight
 p - 2 potions of cancellation
 q - 3 potions of heal wounds
 B - a potion of brilliance {unknown}
 E - a potion of lignification {unknown}
 F - 2 potions of haste {unknown}
 G - a potion of mutation {unknown}


   Skills:
 * Level 9.5 Fighting
 * Level 8.9 Axes
 + Level 4.5 Throwing
 + Level 7.0 Armour
 + Level 6.9 Shields


You had 8 spell levels left.
You didn't know any spells.
Your spell library contained the following spells:

 Spells                   Type           Power      Damage    Failure   Level
 Freeze                   Ice            0%         1d3       100%        1
 Frozen Ramparts          Ice            0%         1d1       100%        3
 Hailstorm                Conj/Ice       0%         3d3       100%        3
 Stone Arrow              Conj/Erth      0%         3d7       100%        3
 Airstrike                Air            0%         2d(0-16)  100%        4
 Passage of Golubria      Tloc           0%         N/A       100%        4
 Blade Hands              Tmut           0%         N/A       100%        5
 Borgnjor's Vile Clutch   Necr/Erth      0%         N/A       100%        5
 Lightning Bolt           Conj/Air       0%         1d11      100%        5
 Yara's Violent Unravell  Hex/Tmut       0%         3d3       100%        5
 Iron Shot                Conj/Erth      0%         9d1       100%        6
 Lehudib's Crystal Spear  Conj/Erth      0%         10d2      100%        8
 Tukima's Dance           Hex            Unusable   N/A       N/A         3
 Animate Armour           Summ/Erth      Unusable   N/A       N/A         4
 Animate Dead             Necr           Unusable   N/A       N/A         4
 Summon Lightning Spire   Summ/Air       Unusable   N/A       N/A         4
 Death Channel            Necr           Unusable   N/A       N/A         6

Dungeon Overview and Level Annotations

Branches:
Dungeon (8/15)             Temple (1/1) D:6           Sewer (visited)
Ossuary (visited)
   Lair: D:8-11

Altars:
Ashenzari
Cheibriados
Dithmenos
Elyvilon
Fedhas
Gozag
Hepliaklqana
Kikubaaqudgha
Nemelex Xobeh
Okawaru
Qazlal
Ru
Sif Muna
Trog
Uskayaw
Vehumet
Xom
Yredelemnul
Zin
The Shining One

Shops:
D:6 ?=   D:7 =

Annotations:
D:8 3 runed translucent doors


Innate Abilities, Weirdness & Mutations

You have a pair of horns on your head.
You reflexively headbutt those who attack you in melee.


Message History

The yak is severely wounded.
You hit the yak but do no damage. You slash the yak! You hit the yak.
You slash the yak! You slash the gnoll! The yak gores you!
A gnoll comes into view.
It is wielding a +0 club and carrying a wand of flame (13).
The gnoll bouda gazes fiercely through you!
You feel as though you will be weak longer.
You block the yak's attack. x2; The yak gores you.
* * * LOW HITPOINT WARNING * * *
The yak gores you.
* * * LOW HITPOINT WARNING * * *
The yak gores you.
* * * LOW HITPOINT WARNING * * *
You block the yak's attack. The gnoll hits you but does no damage.
The yak gores you but does no damage. x2; The yak closely misses you.
A gnoll comes into view. It is wielding a +0 spear.
The gnoll bouda hits you but does no damage.
You hit the yak but do no damage. You headbutt the yak.
The yak is severely wounded.
You closely miss the gnoll. You hit the yak. You hit the gnoll bouda.
You hit the yak but do no damage. You hit the yak. x2
You block the yak's attack. The yak gores you!
* * * LOW HITPOINT WARNING * * *
The yak barely misses you. You furiously retaliate!
You headbutt the yak. The yak closely misses you. You furiously retaliate!
You headbutt the yak! You block the yak's attack.
The gnoll hits you but does no damage.
The gnoll bouda barks out a call to the hunt!
The gnolls pick up the pace!
You hit the yak. You headbutt the yak, but do no damage.
The yak is almost dead.
You barely miss the yak. You hit the gnoll.
You kill the gnoll!
Okawaru accepts your kill.
You hit the yak.
You hit the gnoll bouda but do no damage.
You hit the yak. You hit the yak but do no damage. The yak gores you.
* * * LOW HITPOINT WARNING * * *
You block the yak's attack. The yak gores you!
* * * LOW HITPOINT WARNING * * *
The yak barely misses you. The yak gores you!
You die...

#.##..##.# ..........
...:......# .#
#.........# ##.##
#.........# ....#
....#.....##.#..#
.............g..
###....YYY....g.
#.#....Y@Yg#..##
..#.....)g.#
..+....#..†# #
..+........##.#
..+....#......#
..#....##..#####..
#.#............... ##
##########.#####..
#.###................


You could see 5 yaks, a gnoll bouda and 3 gnolls.

Vanquished Creatures
  A yak (D:8)
  A sky beast (D:7)
  2 ice beasts
  An orc warrior (D:4)
  An ogre (D:4)
  2 centaurs
  A phantom (D:6)
  8 kobold brigands (Sewer)
  2 elf zombies (Ossuary)
  3 bullfrogs
  A scorpion (D:5)
  8 wights
  An electric eel (D:6)
  A howler monkey (D:6)
  A human zombie (Ossuary)
  3 hounds
  3 orc priests
  6 iguanas
  An orc wizard (D:7)
  A hound zombie (Ossuary)
  4 mummies (Ossuary)
  2 gnolls (D:8)
  2 river rats (Sewer)
  9 adders
  2 white imps
  An adder zombie (Ossuary)
  5 worms
  2 dart slugs
  15 orcs
  11 endoplasms
  8 giant cockroaches
  5 goblins
  9 hobgoblins
  5 jackals
  A quokka (D:2)
  14 ball pythons
  6 bats
  3 frilled lizards
  A gnoll zombie (Ossuary)
  2 goblin zombies
  2 jackal zombies (Ossuary)
  11 kobolds
  A kobold zombie (Ossuary)
  2 orc zombies (Ossuary)
  A quokka zombie (D:7)
  12 rats
  A toadstool (D:2)
185 creatures vanquished.

Vanquished Creatures (others)
  2 fungi (D:2)
  3 toadstools (D:2)
5 creatures vanquished.

Grand Total: 190 creatures vanquished

Notes
Turn   | Place    | Note
-------+----------+-------------------------------------------
     0 | D:1      | bmack86 the Minotaur Fighter began the quest for the Orb.
     0 | D:1      | Reached XP level 1. HP: 19/19 MP: 0/0
    89 | D:1      | Reached XP level 2. HP: 27/27 MP: 1/1
   205 | D:1      | Found a faded altar of an unknown god.
   225 | D:1      | Reached skill level 4 in Fighting
   242 | D:1      | You fall into a shaft and drop 1 floor!
   350 | D:2      | Reached XP level 3. HP: 29/33 MP: 2/2
   736 | D:1      | Reached XP level 4. HP: 40/41 MP: 3/3
  2103 | D:3      | Found a hide-covered altar of Uskayaw.
  2179 | D:4      | Noticed an orc warrior
  2180 | D:4      | Reached XP level 5. HP: 47/47 MP: 4/4
  2180 | D:4      | Noticed an ogre
  2186 | D:4      | Reached skill level 5 in Fighting
  2187 | D:4      | Killed an orc warrior
  2188 | D:4      | Reached skill level 1 in Throwing
  2191 | D:4      | Killed an ogre
  2192 | D:4      | Reached XP level 6. HP: 7/56 MP: 2/5
  2379 | D:4      | Found a shadowy altar of Dithmenos.
  2462 | D:4      | Reached skill level 5 in Axes
  2583 | D:4      | Identified the +0 leather armour of Zalahuomm {Str+9 Int+4
                  | Dex-3}
  2840 | D:5      | Entered Level 5 of the Dungeon
  2877 | D:5      | Found a shimmering blue altar of Sif Muna.
  3032 | D:5      | Found a glowing drain.
  3060 | D:5      | Reached skill level 6 in Fighting
  3070 | Sewer    | Entered a sewer
  3126 | Sewer    | Reached XP level 7. HP: 57/63 MP: 6/6
  3159 | Sewer    | Reached skill level 5 in Armour
  3159 | Sewer    | Reached skill level 5 in Shields
  3756 | Sewer    | Reached skill level 7 in Fighting
  3865 | Sewer    | Reached XP level 8. HP: 61/73 MP: 7/7
  4688 | D:5      | Found a shimmering altar of Xom.
  4776 | D:6      | Found Weschaq's Magic Scroll Shoppe.
  4799 | D:6      | Found Biffot's Jewellery Boutique.
  4829 | D:6      | Bought 2 scrolls of identify for 40 gold pieces
  4829 | D:6      | Bought a scroll of identify for 20 gold pieces
  4829 | D:6      | Bought a scroll of identify for 20 gold pieces
  4829 | D:6      | Bought a scroll of identify for 20 gold pieces
  5172 | D:6      | Reached skill level 8 in Fighting
  5428 | D:6      | Found a staircase to the Ecumenical Temple.
  5440 | Temple   | Entered the Ecumenical Temple
  5592 | Temple   | Became a worshipper of Warmaster Okawaru
  5696 | D:6      | Found a broken altar of Ashenzari.
  5866 | D:6      | Reached * piety under Okawaru
  5892 | D:6      | Found a glowing silver altar of Zin.
  6010 | D:6      | Found an opulent altar of Gozag.
  6142 | D:7      | Found a sand-covered staircase.
  6158 | Ossuary  | Entered an ossuary
  6166 | Ossuary  | Reached XP level 9. HP: 82/82 MP: 8/8
  6469 | D:7      | Reached skill level 9 in Fighting
  6655 | D:7      | Found Oheis's One-of-a-Kind Rings.
  6972 | D:8      | Found a runed translucent gate.
  6972 | D:8      | Found a runed translucent gate.
  6972 | D:8      | Found a runed translucent gate.
  6985 | D:8      | Reached ** piety under Okawaru
  6988 | D:8      | HP: 1/84 [yak (12)]
  6988 | D:8      | Mangled by a yak

Illustrated notes

Levels and vault maps discovered:
D:1:      kennysheep_arrival_seaside, layout_basic,
          ebering_ecumenical_altar_abandoned
D:2:      layout_basic, chequers_serial_rivers_room_a, corexii_leaking_fountain,
          minmay_gold_behind_fungi, minmay_bisected
D:3:      layout_basic, nicolae_uskayaw_suspiria, minmay_misc_feat_x
D:4:      layout_rooms, nicolae_dithmenos_through_a_glass_darkly, st_stairs_10,
          grunt_ministairs_14
D:5:      layout_loops_ring, lemuel_crystal_altar,
          mainiacjoe_overflow_six_doors_small, gup_sewer_entry_glass,
          feat_on_display
D:6:      layout_basic, evilmike_ruin_ashenzari, general_overflow_altar,
          overflow_temple_1_default, minmay_temple_entry_mini_moons,
          nicolae_wooded_promenade
D:7:      layout_basic, enter_ossuary_4, nicolae_shop_unique_rings
D:8:      layout_basic, makhleb_blood_cavern_becter, lair_entry_dummy,
          gammafunk_ghost_spectres, minmay_misc_feat_more_columns
Temple:   oiseaux_autumnal_temple

Skill      XL: |  1  2  3  4  5  6  7  8  9 |
---------------+----------------------------+-----
Axes           | 3 4 5 6 8 |  8.9
Fighting       | 4 5 6 7 8 9 |  9.5
Shields        | 4 5 6 |  6.9
Armour         | 4 5 6 7 |  7.0
Throwing       | 1 2 3 4 |  4.5

Action                   |  1- 3 |  4- 6 |  7- 9 || total
-------------------------+-------+-------+-------++-------
Melee: War axe           |    92 |   100 |   250 ||   442
       Headbutt          |     8 |    19 |    62 ||    89
Throw: Boomerang         |       |     2 |       ||     2
  Use: Scroll            |       |     7 |    12 ||    19
       Potion            |       |     1 |     2 ||     3
Armor: Scale mail        |    52 |    27 |       ||    79
       Plate armour      |       |    19 |   159 ||   178
Dodge: Dodged            |    57 |    36 |    81 ||   174
Block: Buckler           |    34 |    25 |    86 ||   145

Table legend: (Time is in decaauts)
 A = Elapsed time spent in this place.
 B = Non-inter-level travel time spent in this place.
 C = Inter-level travel time spent in this place.
 D = Time resting spent in this place.
 E = Time spent auto-exploring this place.
 F = Levels seen in this place.
 G = Mean time per level.
                   A        B        C        D        E       F      G
               +--------+--------+--------+--------+--------+-----+--------+
         Total |   7319 |   7030 |    289 |    273 |   4176 |  11 |  665.4 |
       Dungeon |   5639 |   5374 |    265 |    273 |   3102 |   8 |  704.9 |
        Temple |    180 |    156 |     24 |      0 |    140 |   1 |  180.0 |
         Sewer |   1291 |   1291 |      0 |      0 |    934 |   1 | 1291.0 |
       Ossuary |    208 |    208 |      0 |      0 |      0 |   1 |  208.0 |
               +--------+--------+--------+--------+--------+-----+--------+

Top non-repeatable levels by time:
   Sewer: 1291 daAuts
     D:6: 1168 daAuts
     D:5: 832 daAuts
     D:3: 810 daAuts
     D:2: 793 daAuts
     D:1: 772 daAuts
     D:4: 566 daAuts
     D:7: 555 daAuts
 Ossuary: 208 daAuts
  Temple: 180 daAuts
     D:8: 139 daAuts
